 Dungeon Crawl Stone Soup version 0.19.1-1-g22dce08 (webtiles) character file.

410 nikopol the Skirmisher (level 6, 0/60 HPs)
             Began as a Gargoyle Berserker on Jan 9, 2017.
             Was a Believer of Trog.
             Slain by a gnoll
             ... wielding a +0 halberd
              (7 damage)
             ... on level 4 of the Dungeon.
             The game lasted 00:04:54 (3164 turns).

nikopol the Skirmisher (Gargoyle Berserker)         Turns: 3164, Time: 00:04:55

Health: 0/60       AC: 10    Str: 25    XL:     6   Next: 89%
Magic:  6/6        EV: 12    Int:  8    God:    Trog [**....]
Gold:   120        SH:  0    Dex: 11    Spells: 0 memorised, 5 levels left

rFire  . . .     SeeInvis .     a - +0 hand axe
rCold  . . .     Gourm    .     s - +0 ring mail
rNeg   + . .     Faith    .     (no shield)
rPois  ∞         Spirit   .     (no helmet)
rElec  +         Reflect  .     (no cloak)
rCorr  .         Harm     .     (no gloves)
MR     .....                    (no boots)
Stlth  ..........               (no amulet)
                                (no ring)
                                (no ring)

@: berserking, very quick
A: negative energy resistance 1, electricity resistance, unbreathing,
petrification resistance, rot immunity, AC +4
a: Berserk, Trog's Hand, Burn Spellbooks, Renounce Religion


You were on level 4 of the Dungeon.
You worshipped Trog.
Trog was pleased with you.
You were hungry.

You visited 1 branch of the dungeon, and saw 4 of its levels.

You collected 120 gold pieces.

Inventory:

Hand Weapons
 a - a +0 hand axe (weapon)
Missiles
 e - 44 arrows (quivered)
Armour
 b - a +0 animal skin
 s - a +0 ring mail (worn)
Jewellery
 n - an uncursed amulet of magic regeneration {unknown}
 q - an uncursed ring of fire {unknown}
Wands
 r - a wand of slowing (16/48)
Scrolls
 d - 2 scrolls of amnesia {unknown}
 g - 3 scrolls of remove curse {unknown}
 h - 2 scrolls of identify {unknown}
 i - a scroll of blinking {unknown}
 j - a scroll of noise {unknown}
 p - a scroll of magic mapping {unknown}
 t - a scroll of immolation {unknown}
Potions
 k - 2 potions of agility {unknown}
 l - a potion of brilliance {unknown}
 m - a potion of might {unknown}
 o - a potion of flight {unknown}
 u - a potion of curing {unknown}
Comestibles
 c - 5 bread rations
 f - 11 fruits
 v - 4 chunks of flesh
 w - a meat ration


   Skills:
 + Level 5.2 Fighting
 + Level 4.0 Axes
 + Level 4.3 Armour
 + Level 3.0 Dodging


You had 5 spell levels left.
You didn't know any spells.

Dungeon Overview and Level Annotations

Branches:
Dungeon (4/15)
 Temple: D:4-7

Altars:
Fedhas
Hepliaklqana


Innate Abilities, Weirdness & Mutations

You are resistant to torment.
Your stone body is resilient. (AC +4)
You are immune to poison.
You resist negative energy. (rN+)
You are resistant to electric shocks. (rElec)
You can survive without breathing.
You are immune to petrification.
You are immune to rotting.


Message History

The gnoll hits you from afar with a halberd.
* * * LOW HITPOINT WARNING * * *
You completely miss the ogre.
The ogre is almost dead.
You hit the plant.
The gnoll hits the plant with a halberd!
You hit the ogre.
The ogre is almost dead.
You hit the plant but do no damage. The gnoll closely misses you.
The ogre hits you with a giant spiked club.
* * * LOW HITPOINT WARNING * * *
You completely miss the ogre.
The ogre is almost dead.
You hit the plant.
The gnoll hits the plant but does no damage.
You barely miss the ogre.
The ogre is almost dead.
You hit the plant but do no damage.
The gnoll hits you from afar with a halberd!
You die...

♣ ♣ ♣§ .♣ §♣♣
♣P♣♣♣..♣ ♣♣♣.♣.♣§.♣
##♣ ♣P♣.P.♣.P♣ .P
P.♣ ♣♣♣P♣.♣..g♣P..8
♣.♣ ♣.♣♣..♣@OPg....
♣.♣P.♣.P♣.P♣......
♣P.♣.♣♣.♣PPP.♣...#
♣rPP♣.♣♣♣P.♣..P..
♣.♣..♣P♣......P
♣P...♣..PP♣P .
♣♣♣♣.P.PP♣..♣♣♣
.§♣♣..♣.♣P###♣♣.PP♣
#....♣.♣##.###.♣..♣.


You could see an ogre and 2 gnolls.

Vanquished Creatures
  Grinder (D:3)
  Jessica (D:3)
  Natasha (thrice) (D:3)
  Terence (D:2)
  6 adders
  2 worms
  3 leopard geckos
  An orc (D:3)
  3 bats
  A giant cockroach (D:3)
  7 goblins
  4 hobgoblins
  2 quokkas (D:4)
  A ball python (D:3)
  3 frilled lizards
  4 kobolds
  4 rats
47 creatures vanquished.

Notes
Turn   | Place    | Note
-------+----------+-------------------------------------------
     0 | D:1      | nikopol the Gargoyle Berserker began the quest for the Orb.
     0 | D:1      | Reached XP level 1. HP: 14/14 MP: 1/1
   318 | D:1      | Reached XP level 2. HP: 17/19 MP: 2/2
   999 | D:2      | Reached XP level 3. HP: 17/24 MP: 3/3
  1271 | D:2      | Noticed Terence
  1276 | D:2      | Killed Terence
  1359 | D:2      | Found a blossoming altar of Fedhas.
  1495 | D:2      | Reached skill level 4 in Fighting
  1716 | D:3      | Noticed Jessica
  1732 | D:3      | Killed Jessica
  1732 | D:3      | Reached XP level 4. HP: 21/29 MP: 4/4
  1812 | D:3      | Reached ** piety under Trog
  2010 | D:3      | Noticed Grinder
  2023 | D:3      | Paralysed by Grinder for 7 turns
  2034 | D:3      | Paralysed by Grinder for 2 turns
  2040 | D:3      | Killed Grinder
  2040 | D:3      | Reached XP level 5. HP: 19/34 MP: 5/5
  2040 | D:3      | Reached XP level 6. HP: 23/40 MP: 6/6
  2302 | D:3      | Noticed Natasha
  2313 | D:3      | Killed Natasha
  2453 | D:3      | Noticed Natasha
  2467 | D:3      | Killed Natasha
  2683 | D:3      | Reached skill level 5 in Fighting
  2738 | D:3      | Noticed Natasha
  2746 | D:3      | Killed Natasha
  2918 | D:3      | Found a hazy altar of Hepliaklqana.
  3164 | D:4      | Slain by a gnoll

Skill      XL: |  1  2  3  4  5  6 |
---------------+-------------------+-----
Axes           | 3 4 |  4.0
Fighting       | 4 5 |  5.2
Armour         | 3 4 |  4.3
Dodging        | 2 3 |  3.0

Action                   |  1- 3 |  4- 6 || total
-------------------------+-------+-------++-------
Melee: Hand axe          |    82 |   147 ||   229
Invok: Berserk           |     1 |     2 ||     3
  Eat: Chunk             |     3 |     6 ||     9
Armor: Animal skin       |    14 |       ||    14
       Ring mail         |    13 |    74 ||    87
Dodge: Dodged            |    69 |   112 ||   181
